 Dungeon Crawl Stone Soup version 0.17.0-56-gd8de76c (webtiles) character file.

279 gorblad the Sneak (level 6, -4/51 HPs)
             Began as a Centaur Assassin on Dec 6, 2015.
             Killed from afar by an orc wizard (6 damage)
             ... with a puff of flame
             ... on level 4 of the Dungeon.
             The game lasted 00:09:01 (3622 turns).

gorblad the Sneak (Centaur Assassin)                Turns: 3622, Time: 00:09:01

Health: -4/51      AC:  7    Str: 13    XL:     6   Next: 5%
Magic:  6/6        EV:  5    Int: 10    God:
Gold:   167        SH:  0    Dex: 13    Spells: 0 memorised, 5 levels left

rFire  . . .     SeeInvis .     a - +2 dagger
rCold  . . .     Clarity  .     c - +0 robe
rNeg   . . .     SustAt   .     (no shield)
rPois  .         Gourm    .     (no helmet)
rElec  .         Spirit   .     d - +0 cloak
rCorr  .         Warding  .     k - +1 pair of gloves
rMut   .         Stasis   .     (no barding)
MR     +....                    (no amulet)
Stlth  ++........               (no ring)
                                v - ring of protection from magic

@: very quick, somewhat resistant to hostile enchantments, unstealthy
A: hooves 3, deformed body, speed 2, tough skin 3
a: no special abilities


You were on level 4 of the Dungeon.
You were very hungry.

You visited 1 branch of the dungeon, and saw 4 of its levels.

You collected 167 gold pieces.

Inventory:

Hand Weapons
 a - a +2 dagger (weapon)
 b - a +0 blowgun
Missiles
 e - 8 poisoned needles
 f - 2 curare-tipped needles
 m - 2 needles of confusion
 u - 3 needles of slowing
 y - 3 tomahawks (quivered)
Armour
 c - a +0 robe (worn)
 d - a +0 cloak (worn)
 k - a +1 pair of gloves (worn)
Jewellery
 v - a ring of protection from magic (left hand)
Scrolls
 l - 3 scrolls of remove curse
Potions
 h - a potion of curing {unknown}
 i - a potion of lignification {unknown}
 o - a potion of magic {unknown}
 p - a potion of flight {unknown}
 x - a potion of heal wounds {unknown}
 z - a potion of cure mutation
Comestibles
 g - 3 bread rations
 j - 4 fruits
 q - a royal jelly
 w - a slice of pizza


   Skills:
 + Level 3.0 Fighting
 + Level 2.9 Short Blades
 - Level 2.1 Throwing
 + Level 2.7 Dodging
 + Level 3.6 Stealth


You had 5 spell levels left.
You didn't know any spells.

Dungeon Overview and Level Annotations

Branches:
Dungeon (4/15)
 Temple: D:4-7

Altars:
Fedhas
Kikubaaqudgha

Annotations:
D:4 Natasha


Innate Abilities, Weirdness & Mutations

You have hooves in place of feet.
Armour fits poorly on your strangely shaped body.
You cover ground very quickly.
You have extremely tough skin (AC +3).


Message History

You barely miss something. Something hits you!
The orc priest mumbles some strange prayers to Beogh against you.
Something smites you!
* * * LOW HITPOINT WARNING * * *
You are too injured to fight recklessly!
You are too injured to fight recklessly!
You are too injured to fight recklessly!
You are too injured to fight recklessly!
You are too injured to fight recklessly!
You are too injured to fight recklessly!
Things that are here:
a robe; a dagger; a falchion You are feeling very hungry.
There is a stone staircase leading up here.
Something hits you.
* * * LOW HITPOINT WARNING * * *
You hear some strange, mumbled words.
A puff of flame appears from out of thin air!
The puff of flame hits you!
You die...

### #@#
#[# #o#
#.# ..
#.#.#
#o# #.
#.#.#
#r#
#..#.#.#
#.#
#..#.#.#
#.#
#....#.#
#.#


You could see an orc priest, an orc and a quokka.

Vanquished Creatures
  An orc priest (D:4)
  2 orc wizards (D:4)
  Terence (D:2)
  10 adders
  A shadow imp (D:3)
  2 worms (D:3)
  2 giant geckos (D:2)
  3 orcs (D:4)
  8 bats
  5 goblins
  4 hobgoblins
  3 jackals (D:3)
  4 giant cockroaches
  6 giant newts
  12 kobolds
  A quokka skeleton (D:4)
  6 rats
71 creatures vanquished.

Notes
Turn   | Place    | Note
--------------------------------------------------------------
     0 | D:1      | gorblad the Centaur Assassin began the quest for the Orb.
     0 | D:1      | Reached XP level 1. HP: 17/17 MP: 1/1
     3 | D:1      | Noticed an electric eel
     3 | D:1      | Noticed an electric eel
   380 | D:1      | Reached XP level 2. HP: 24/24 MP: 2/2
   617 | D:1      | Reached skill level 3 in Stealth
  1117 | D:2      | Reached XP level 3. HP: 29/29 MP: 3/3
  1286 | D:2      | Noticed Terence
  1301 | D:2      | Killed Terence
  1301 | D:2      | Reached skill level 1 in Dodging
  1391 | D:2      | Reached XP level 4. HP: 18/37 MP: 4/4
  2199 | D:3      | Found a blossoming altar of Fedhas.
  2202 | D:3      | Found an ancient bone altar of Kikubaaqudgha.
  2308 | D:3      | Reached XP level 5. HP: 28/42 MP: 5/5
  2976 | D:4      | Noticed Natasha
  3342 | D:4      | Reached XP level 6. HP: 42/50 MP: 6/6
  3622 | D:4      | HP: 2/51 [something (2)]
  3622 | D:4      | Killed from afar by an orc wizard

Action                   |  1- 3 |  4- 6 || total
-------------------------+-------+-------++-------
Melee: Dagger            |   100 |   217 ||   317
  Use: Scroll            |     4 |    10 ||    14
       Potion            |     2 |     1 ||     3
 Stab: Distracted        |     1 |     1 ||     2
       Sleeping          |     1 |     3 ||     4
  Eat: Chunk             |     1 |     5 ||     6
